 Dungeon Crawl Stone Soup version 0.30-b1-2-g02819fbbbe (webtiles) character file.

Game seed: 14867585766339017621

272 Anothat the Chopper (level 6, -4/21 (51) HPs)
             Began as a Gnoll Reaver on May 11, 2023.
             Was an Initiate of Gozag.
             Killed by divine providence
             ... invoked by an orc priest
              (14 damage)
             ... on level 4 of the Dungeon.
             The game lasted 00:07:30 (3284 turns).

Anothat the Chopper (Gnoll Reaver)                  Turns: 3284, Time: 00:07:30

HP:   -4/21 (51)    AC:  8    Str: 13    XL:     6   Next: 23%
MP:   13/14         EV: 12    Int: 13    God:    Gozag
Gold: 424           SH:  0    Dex: 10    Spells: 12/15 levels left

rFire   . . .        a - +0 hand axe
rCold   . . .        (no shield)
rNeg    . . .        b - +0 leather armour
rPois   .            (no helmet)
rElec   .            i - +0 cloak
rCorr   .            (no gloves)
SInv    .            (no boots)
Will    .....        (no amulet)
Stlth   +            c - +4 ring of protection
HPRegen 0.23/turn    (no ring)
MPRegen 0.14/turn

%: no passive effects
@: gold aura, extremely drained
A: fangs 1, strong nose, distributed training
a: Renounce Religion, Potion Petition, Call Merchant, Bribe Branch


You were on level 4 of the Dungeon.
You worshipped Gozag.
Gozag was aware of your devotion.
You visited 1 branch of the dungeon, and saw 4 of its levels.

You collected 443 gold pieces.
You paid 19 gold pieces to Gozag.

Inventory:

Hand Weapons
 a - a +0 hand axe (weapon)
Missiles
 q - 6 javelins
Armour
 b - a +0 leather armour (worn)
 i - a +0 cloak (worn)
Jewellery
 c - a +4 ring of protection (left hand)
 j - an amulet of the acrobat
 o - a +6 ring of intelligence
Wands
 k - a wand of quicksilver (6)
Scrolls
 e - a scroll of brand weapon {unknown}
 f - a scroll of enchant weapon {unknown}
 m - 2 scrolls of poison {unknown}
 p - a scroll of amnesia {unknown}
Potions
 d - 2 potions of curing
 g - a potion of heal wounds {unknown}
 h - a potion of attraction {unknown}
 l - a potion of might {unknown}
 n - a potion of flight {unknown}


   Skills:
 + Level 5.0 Fighting
 + Level 2.0 Short Blades
 + Level 2.0 Long Blades
 + Level 6.8 Axes
 + Level 2.0 Maces & Flails
 + Level 2.0 Polearms
 + Level 2.0 Staves
 + Level 2.0 Ranged Weapons
 + Level 2.0 Throwing
 + Level 2.0 Armour
 + Level 5.0 Dodging
 + Level 2.0 Stealth
 + Level 2.0 Shields
 + Level 2.0 Unarmed Combat
 + Level 5.3 Spellcasting
 + Level 5.6 Conjurations
 + Level 1.5 Hexes
 + Level 1.5 Summonings
 + Level 1.5 Necromancy
 + Level 1.5 Translocations
 + Level 1.5 Transmutations
 + Level 1.5 Fire Magic
 + Level 1.5 Ice Magic
 + Level 1.5 Air Magic
 + Level 1.5 Earth Magic
 + Level 1.5 Poison Magic
 + Level 2.1 Invocations
 + Level 2.0 Evocations


You had 12 spell levels left.
You knew the following spells:

 Your Spells              Type           Power      Damage    Failure   Level
a - Kiss of Death         Conj/Necr      48%        2d9       5%          1
b - Momentum Strike       Conj/Tloc      24%        3d8       8%          2

Your spell library contained the following spells:

 Spells                   Type           Power      Damage    Failure   Level
 Hailstorm                Conj/Ice       12%        3d5       16%         3
 Ensorcelled Hibernation  Hex/Ice        14%        N/A       19%         2
 Passwall                 Tmut/Erth      5%         N/A       19%         2
 Swiftness                Air            7%         N/A       36%         3


Dungeon Overview and Level Annotations

Branches:
Dungeon (4/15)
 Temple: D:4-7

Altars:
Gozag
Hepliaklqana
Makhleb


Innate Abilities, Weirdness & Mutations

You have very sharp teeth.
Your uncanny sense of smell can sniff out nearby items.
Your experience applies equally to all skills.


Message History

Confirm with . or Enter, or press ? or * to list all spells.
Aiming: Kiss of Death (safe; 5% risk of failure)
Press: ? - help, Shift-Dir - straight line, f - orc wizard
Aim: an orc wizard, wielding a +0 dagger and wearing a +0 robe (severely wounded, 100% to hit)
Okay, then.
You barely miss the orc wizard.
The orc wizard is severely wounded.
The orc wizard casts a spell at you. The puff of flame hits you.
You hit the orc wizard but do no damage.
The orc wizard is severely wounded.
The orc wizard closely misses you.
Casting: Kiss of Death (safe; 5% risk of failure)
Confirm with . or Enter, or press ? or * to list all spells.
Aiming: Kiss of Death (safe; 5% risk of failure)
Press: ? - help, Shift-Dir - straight line, f - orc wizard
Aim: an orc wizard, wielding a +0 dagger and wearing a +0 robe (heavily wounded, 100% to hit)
The negative energy hits the orc wizard!
The orc wizard is drained!
You kill the orc wizard!
You feel drained.
Your Fighting skill increases to level 5!
Your Short Blades skill increases to level 2!
Your Long Blades skill increases to level 2!
Your Maces & Flails skill increases to level 2!
Your Polearms skill increases to level 2!
Your Staves skill increases to level 2!
Your Ranged Weapons skill increases to level 2!
Your Throwing skill increases to level 2!
Your Armour skill increases to level 2!
Your Dodging skill increases to level 5!
Your Stealth skill increases to level 2!
Your Shields skill increases to level 2!
Your Unarmed Combat skill increases to level 2!
Your Evocations skill increases to level 2!
The orc priest mumbles some strange prayers to Beogh against you.
Beogh smites you!
Ouch! That really hurt!
You die...
Your body crumbles into a pile of gold.

..
#$...##.##.####
.#
......##.......#
.
......##.#####.#
....#.##.#
#.#....#
#...##<#
.>###.##.#####.#
......$..o.....#
.....o.#@##.....
..##..###.# ####
#.# ##.......
... ..##### $
.## #.# . .# .#
#


You could see an orc priest.

Vanquished Creatures
  4 jellies (D:3)
  An orc wizard (D:4)
  2 gnolls (D:1)
  3 adders
  2 worms
  4 orcs
  5 ball pythons
  2 bats
  18 endoplasms
  3 giant cockroaches (D:1)
  3 goblins (D:1)
  4 hobgoblins
  2 jackals (D:1)
  10 kobolds
  A quokka (D:2)
  5 frilled lizards
  2 rats
71 creatures vanquished.

Vanquished Creatures (others)
  5 fungi (D:3)
  7 toadstools (D:3)
12 creatures vanquished.

Grand Total: 83 creatures vanquished

Notes
Turn   | Place    | Note
-------+----------+-------------------------------------------
     0 | D:1      | Anothat the Gnoll Reaver began the quest for the Orb.
     0 | D:1      | Reached XP level 1. HP: 20/20 MP: 6/6
    41 | D:1      | Reached XP level 2. HP: 15/21 MP: 5/7
   167 | D:1      | Reached skill level 5 in Spellcasting
   167 | D:1      | Reached XP level 3. HP: 19/25 MP: 6/9
   307 | D:1      | Reached skill level 1 in Invocations
   404 | D:1      | Reached skill level 1 in Short Blades
   404 | D:1      | Reached skill level 1 in Long Blades
   404 | D:1      | Reached skill level 1 in Maces & Flails
   404 | D:1      | Reached skill level 1 in Polearms
   404 | D:1      | Reached skill level 1 in Staves
   404 | D:1      | Reached skill level 1 in Ranged Weapons
   404 | D:1      | Reached skill level 1 in Throwing
   404 | D:1      | Reached skill level 1 in Armour
   404 | D:1      | Reached skill level 1 in Stealth
   404 | D:1      | Reached skill level 1 in Shields
   404 | D:1      | Reached skill level 1 in Unarmed Combat
   404 | D:1      | Reached skill level 1 in Evocations
   625 | D:2      | Found an opulent altar of Gozag.
   733 | D:2      | Reached XP level 4. HP: 34/35 MP: 11/11
   767 | D:2      | Became a worshipper of Gozag Ym Sagoz the Greedy
  1088 | D:3      | Found a faded altar of an unknown god.
  1243 | D:3      | Learned a level 2 spell: Momentum Strike
  1268 | D:3      | Found a burning altar of Makhleb.
  1306 | D:3      | Reached skill level 1 in Hexes
  1306 | D:3      | Reached skill level 1 in Summonings
  1306 | D:3      | Reached skill level 1 in Necromancy
  1306 | D:3      | Reached skill level 1 in Translocations
  1306 | D:3      | Reached skill level 1 in Transmutations
  1306 | D:3      | Reached skill level 1 in Fire Magic
  1306 | D:3      | Reached skill level 1 in Ice Magic
  1306 | D:3      | Reached skill level 1 in Air Magic
  1306 | D:3      | Reached skill level 1 in Earth Magic
  1306 | D:3      | Reached skill level 1 in Poison Magic
  1452 | D:3      | Reached XP level 5. HP: 15/40 MP: 9/12
  2061 | D:3      | Found a hazy altar of Hepliaklqana.
  2321 | D:3      | Reached XP level 6. HP: 20/20 MP: 13/13
  3035 | D:4      | Noticed a black bear
  3284 | D:4      | Reached skill level 5 in Fighting
  3284 | D:4      | Reached skill level 5 in Dodging
  3284 | D:4      | Killed from afar by an orc priest

Illustrated notes

Levels and vault maps discovered:
D:1:      dpeg_arrival_rooms_b, layout_rooms, minmay_pentomino_p2
D:2:      layout_basic, basic_altar
D:3:      cheibrodos_fertilizer, layout_basic, nzn_hepliaklqana_mist_gate,
          mainiacjoe_overflow_alcove_1, basic_ecumenical_altar
D:4:      wander_river, layout_loops_ring, lemuel_tele_altar,
          overflow_temple_1_default, mainiacjoe_overflow_alcove_4,
          fiery_altar_vehumet, kennysheep_generic_room_3, uniq_pikel

Skill      XL: |  1  2  3  4  5  6 |
---------------+-------------------+-----
Spellcasting   | 5 |  5.3
Invocations    | 1 2 |  2.1
Short Blades   | 1 2 |  2.0
Long Blades    | 1 2 |  2.0
Maces & Flails | 1 2 |  2.0
Polearms       | 1 2 |  2.0
Staves         | 1 2 |  2.0
Ranged Weapons | 1 2 |  2.0
Throwing       | 1 2 |  2.0
Armour         | 1 2 |  2.0
Stealth        | 1 2 |  2.0
Shields        | 1 2 |  2.0
Unarmed Combat | 1 2 |  2.0
Evocations     | 1 2 |  2.0
Hexes          | 1 |  1.5
Summonings     | 1 |  1.5
Necromancy     | 1 |  1.5
Translocations | 1 |  1.5
Transmutations | 1 |  1.5
Fire Magic     | 1 |  1.5
Ice Magic      | 1 |  1.5
Air Magic      | 1 |  1.5
Earth Magic    | 1 |  1.5
Poison Magic   | 1 |  1.5
Fighting       | 5 |  5.0
Dodging        | 5 |  5.0
Axes           | |  6.8
Conjurations   | |  5.6

Action                     |  1- 3 |  4- 6 || total
---------------------------+-------+-------++-------
  Melee: Hand axe          |    92 |   148 ||   240
         Bite              |     7 |    13 ||    20
         Punch             |     1 |     1 ||     2
   Cast: Kiss of Death     |     3 |     7 ||    10
         Momentum Strike   |       |     1 ||     1
    Use: Potion            |       |     5 ||     5
   Stab: Sleeping          |     2 |     1 ||     3
 Armour: Leather armour    |    30 |    42 ||    72
  Dodge: Dodged            |    55 |    70 ||   125
